 Dungeon Crawl Stone Soup version 0.29-a0-334-gb41bcbb86e (webtiles) character file.

Game seed: 8979071908806965438

2611 sokol815 the Carver (level 9, -2/63 HPs)
             Began as a Human Fighter on Apr 14, 2022.
             Was an Elder of Wu Jian.
             Slain by Prince Ribbit (15 damage)
             ... on level 6 of the Dungeon.
             The game lasted 00:21:20 (9298 turns).

sokol815 the Carver (Human Fighter)                 Turns: 9298, Time: 00:21:20

Health: -2/63      AC:  5    Str: 17    XL:     9   Next: 90%
Magic:  9/9        EV: 10    Int: 13    God:    Wu Jian [****..]
Gold:   444        SH: 12    Dex: 12    Spells: 5/8 levels left

rFire   . . .      SeeInvis .   a - +1 long sword
rCold   . . .      Faith    .   o - +2 buckler
rNeg    . . .      Spirit   .   k - +1 robe {Will+}
rPois   +          Reflect  +   (no helmet)
rElec   .          Harm     .   l - +0 cloak
rCorr   .          Rampage  .   (no gloves)
Will    +....                   j - +0 pair of boots
Stlth   +.........              f - amulet of reflection
HPRegen 0.20/turn               P - ring of poison resistance {rPois, !d}
MPRegen 0.11/turn               (no ring)

@: about to teleport
A: no striking features
a: Renounce Religion, Wall Jump, Serpent's Lash


You were on level 6 of the Dungeon.
You worshipped Wu Jian.
Wu Jian was greatly pleased with you.
You visited 1 branch of the dungeon, and saw 7 of its levels.
You also visited: Sewer.

You collected 444 gold pieces.

Inventory:

Hand Weapons
 a - a +1 long sword (weapon)
 h - a +0 short sword
   (You took it off an orc on level 2 of the Dungeon)
 m - a +1 hand axe of flaming
   (You found it on level 4 of the Dungeon)
 p - a +1 dagger of venom
   (You took it off an orc on level 3 of the Dungeon)
 r - a +2 vampiric dagger
   (You took it off an orc wizard on level 5 of the Dungeon)
 w - a +1 antimagic hand axe
   (You found it on level 5 of the Dungeon)
 x - a +0 trident
   (You took it off a wight on level 6 of the Dungeon)
 A - a +3 dagger of venom
   (You took it off an orc priest on level 7 of the Dungeon)
 B - a +2 short sword of freezing
   (You found it on level 7 of the Dungeon)
 C - a +1 whip of electrocution
   (You took it off a gnoll on level 6 of the Dungeon)
Missiles
 n - 2 curare-tipped darts
 q - 5 atropa-tipped darts
 s - 220 stones
 z - 2 boomerangs
Armour
 b - a +0 scale mail
 c - a +0 buckler
 d - a +0 plate armour
   (You found it on level 2 of the Dungeon)
 g - a +2 robe of the Archmagi
   (You found it on level 1 of the Dungeon)
 j - a +0 pair of boots (worn)
   (You found it on level 2 of the Dungeon)
 k - a +1 robe of willpower (worn)
   (You took it off Jessica on level 3 of the Dungeon)
 l - a +0 cloak (worn)
   (You found it on level 1 of the Dungeon)
 o - a +2 buckler (worn)
   (You found it on level 4 of the Dungeon)
 t - a +0 kite shield
   (You found it on level 4 of the Dungeon)
 u - a +1 scale mail of poison resistance
   (You found it on level 5 of the Dungeon)
Jewellery
 f - an amulet of reflection (around neck)
   (You found it on level 1 of the Dungeon)
 v - an amulet of magic regeneration
   (You found it on level 5 of the Dungeon)
 P - a ring of poison resistance (left hand) {rPois, !d}
   (You found it on level 5 of the Dungeon)
Scrolls
 i - 2 scrolls of amnesia
 y - a scroll of identify {@r1}
 E - 2 scrolls of fear
 Y - 2 scrolls of teleportation {@r3}
Potions
 e - a potion of cancellation
 G - a potion of ambrosia {!q}
 I - a potion of invisibility
 J - 3 potions of curing {@q1}
 L - 3 potions of flight
 M - a potion of magic
 N - a potion of heal wounds {@q2}
 U - 2 potions of mutation {!q}


   Skills:
 - Level 3.0 Fighting
 * Level 9.4 Long Blades
 - Level 4.8 Armour
 - Level 4.9 Shields
 + Level 4.7 Conjurations
 + Level 4.7 Earth Magic


You had 5 spell levels left.
You knew the following spells:

 Your Spells              Type           Power      Damage    Failure   Level
x - Stone Arrow           Conj/Erth      24%        3d8       17%         3

Your spell library contained the following spells:

 Spells                   Type           Power      Damage    Failure   Level
 Sandblast                Erth           24%        2d8       6%          1
 Passwall                 Tmut/Erth      5%         N/A       22%         2
 Apportation              Tloc           0%         N/A       36%         1
 Pain                     Necr           0%         1d4       36%         1
 Slow                     Hex            0%         N/A       36%         1
 Sting                    Tmut/Pois      0%         1d3       36%         1
 Confusing Touch          Hex            0%         N/A       75%         3
 Vampiric Draining        Necr           0%         2d6       75%         3
 Conjure Ball Lightning   Conj/Air       3%         3x3d6     100%        6
 Discord                  Hex            0%         N/A       100%        8
 Disjunction              Tloc           0%         N/A       100%        8


Dungeon Overview and Level Annotations

Branches:
Dungeon (7/15)             Temple (0/1) D:4           Sewer (visited)

Altars:
Cheibriados
Elyvilon
Gozag
Hepliaklqana
Kikubaaqudgha
Nemelex Xobeh
Ru
Vehumet
Wu Jian
Yredelemnul
The Shining One

Shops:
D:2 *

Annotations:
D:6 Prince Ribbit
D:7 1 transporter


Message History

You aren't carrying any items that you can evoke.
There is an open door here.
There is a stone staircase leading up here.
The gnoll hits you with a +1 whip of electrocution.
You climb upwards.
There is a stone staircase leading down here.
You take 2 damage, and have 61/63 hp.
Throw: 6 darts (atropa)
Aim: a gnoll, wielding a +1 whip of electrocution (61% to hit, chance to blind on hit: 100%)
You throw an atropa-tipped dart.
The atropa-tipped dart barely misses the gnoll.
The gnoll hits you with a +1 whip of electrocution!
You take 6 damage, and have 55/63 hp.
Throw: 5 darts (atropa)
Aim: a gnoll, wielding a +1 whip of electrocution (61% to hit, chance to blind on hit: 100%)
You throw an atropa-tipped dart. The atropa-tipped dart hits the gnoll.
The gnoll appears confused.
The gnoll hits itself with a +1 whip of electrocution.
You slash the gnoll!
You kill the gnoll!
The Council accepts your kill.
q - 5 atropa-tipped darts (gained 1)
You see here a +1 whip of electrocution.
C - a +1 whip of electrocution
There is a stone staircase leading down here.
Clearing quiver.
You start resting.
Health restored: 63 You climb downwards.
Level annotation: 1 transporter
There is a stone staircase leading up, spattered with blood here.
Throw: 5 darts (atropa)
Aim: a gnoll, wielding a +1 halberd of venom (61% to hit, chance to blind on hit: 100%)
You throw an atropa-tipped dart. The atropa-tipped dart hits the gnoll.
The gnoll appears confused.
The gnoll seems less confused.
You hit the gnoll. You block the gnoll's attack.
You hit the gnoll.
The gnoll is no longer blind.
You block the gnoll's attack.
You hit the gnoll but do no damage. The gnoll hits you but does no damage.
You hit the gnoll. You block the gnoll's attack.
You hit the gnoll.
You kill the gnoll!
The Council accepts your kill.
You see here a +1 halberd of venom.
q - 5 atropa-tipped darts (gained 1) Clearing quiver.
A gnoll shaman comes into view. It is wielding a +0 whip.
The gnoll shaman shouts!
You hear a shout!
No target in view!
No target in view!
No target in view! 2 gnolls come into view.
The gnoll shouts!
You hear a shout!
You completely miss the gnoll shaman.
A gnoll comes into view. It is wielding a +0 spear.
The gnoll shaman hits you with a +0 whip!
You take 7 damage, and have 56/63 hp.
You completely miss the gnoll shaman.
The gnoll shouts!
The gnoll shaman hits you with a +0 whip.
You take 4 damage, and have 52/63 hp.
The gnoll shouts!
You hit the gnoll shaman but do no damage.
The gnoll shaman completely misses you.
You hit the gnoll shaman.
Prince Ribbit comes into view.
You block the gnoll shaman's attack.
The gnoll shaman attacks as you move away!
The gnoll shaman hits you with a +0 whip!
You take 7 damage, and have 45/63 hp.
The gnoll shaman attacks as you move away!
The gnoll shaman closely misses you.
The gnoll shaman attacks as you move away!
You block the gnoll shaman's attack.
The gnoll shaman calls upon its god to speed up the gnoll.
The gnoll seems to speed up.
There is an open door here.
There is a stone staircase leading up, spattered with blood here.
The gnoll shaman calls down the wrath of its god upon you.
You resist with almost no effort.
The gnoll shaman calls down the wrath of its god upon you.
You resist with almost no effort. You block the gnoll's attack.
The gnoll hits you from afar with a +0 spear!
You take 6 damage, and have 43/63 hp.
Prince Ribbit hits you!
The gnoll hits you from afar with a +0 spear.
Prince Ribbit closely misses you.
You climb upwards.
There is a stone staircase leading down here.
You take 19 damage, and have 24/63 hp.
MASSIVE DAMAGE!!
As you read the scroll of teleportation {@r3}, it crumbles to dust.
You feel strangely unstable. Prince Ribbit hits you!
* * * LOW HITPOINT WARNING * * *
You take 12 damage, and have 12/63 hp.
Prince Ribbit attacks as you move away! You block Prince Ribbit's attack.
Prince Ribbit hits you!
You die...

#.[.....####..#
#.........
#.......# ####
##########
#.......#
#.......#
#.......###
######
#.........#
#.....
#.......#.#
#.....
#....>..#.#
#.....
#.......#@#
#.....
#######.#F##
######.....
#.#.>#
###..........
#.##.#
#...####.....
###
#.##.###.###
#..... #.#
#.##.....#
#..... #.#
##..##..###
##.### #.#
#.........# #.#
# #.###
#.........####
#.#


You could see Prince Ribbit.

Vanquished Creatures
  A vampire (D:6)
  A steam dragon (D:7)
  A water moccasin (D:7)
  3 sky beasts
  An ice beast (D:3)
  2 ogres
  2 centaurs
  2 necrophages
  2 bullfrogs
  2 scorpions (D:5)
  A wyvern zombie (D:6)
  A wight (D:6)
  3 bullfrog zombies (D:6)
  4 hounds
  A human zombie (D:6)
  2 orc priests
  5 jellies
  A gnoll shaman (D:7)
  Jessica (D:3)
  4 iguanas
  2 orc wizards
  A statue (D:5)
  5 mummies (D:6)
  4 gnolls
  9 adders
  A river rat (Sewer)
  A shadow imp (D:5)
  A white imp (D:6)
  4 worms
  A dart slug (D:1)
  23 orcs
  8 ball pythons
  14 endoplasms
  10 giant cockroaches
  3 hobgoblins
  8 jackals
  7 quokkas
  3 bats
  8 frilled lizards
  8 goblins
  3 kobolds (D:1)
  6 rats
170 creatures vanquished.

Vanquished Creatures (others)
  12 plants (D:7)
12 creatures vanquished.

Grand Total: 182 creatures vanquished

Notes
Turn   | Place    | Note
-------+----------+-------------------------------------------
     0 | D:1      | sokol815 the Human Fighter began the quest for the Orb.
     0 | D:1      | Reached XP level 1. HP: 18/18 MP: 1/1
    93 | D:1      | Reached XP level 2. HP: 24/24 MP: 2/2
   188 | D:1      | Found a faded altar of an unknown god.
   222 | D:1      | Prayed at the altar of an unknown god.
   222 | D:1      | Became a worshipper of the Wu Jian Council
   222 | D:1      | Reached * piety under Wu Jian
   515 | D:1      | Reached XP level 3. HP: 13/29 MP: 3/3
   990 | D:1      | Reached skill level 3 in Long Blades
  1374 | D:2      | Found Tysh's General Store.
  1613 | D:2      | Found a basalt altar of Yredelemnul.
  1632 | D:2      | Reached XP level 4. HP: 15/35 MP: 4/4
  1858 | D:2      | Reached ** piety under Wu Jian
  2249 | D:2      | Got Kawom's Introduction to Wizardry
  2404 | D:3      | Noticed Jessica
  2407 | D:3      | Killed Jessica
  2570 | D:3      | Reached XP level 5. HP: 34/41 MP: 5/5
  2582 | D:3      | Reached skill level 4 in Long Blades
  2658 | D:3      | Reached skill level 4 in Shields
  2658 | D:3      | Reached XP level 6. HP: 35/47 MP: 6/6
  2686 | D:3      | Noticed an ice beast
  2691 | D:3      | Killed an ice beast
  2692 | D:3      | Reached skill level 4 in Armour
  2882 | D:3      | Reached skill level 5 in Long Blades
  2903 | D:3      | Found a glowing drain.
  2907 | Sewer    | Entered a sewer
  3160 | Sewer    | Reached XP level 7. HP: 16/52 MP: 7/7
  3369 | Sewer    | Found a viscous altar of Jiyva.
  3375 | Sewer    | Reached *** piety under Wu Jian
  4317 | D:4      | Found a glowing golden altar of the Shining One.
  4439 | D:4      | Found a white marble altar of Elyvilon.
  4825 | D:4      | Found a staircase to the Ecumenical Temple.
  4992 | D:5      | Entered Level 5 of the Dungeon
  5038 | D:5      | Reached skill level 6 in Long Blades
  5056 | D:4      | Learned a level 3 spell: Stone Arrow
  5144 | D:5      | Reached XP level 8. HP: 53/58 MP: 8/8
  5171 | D:5      | Reached skill level 1 in Conjurations
  5191 | D:5      | Reached skill level 1 in Earth Magic
  5297 | D:5      | Found a snail-covered altar of Cheibriados.
  5601 | D:5      | Found an ornate altar of the Wu Jian Council.
  5725 | D:5      | Found a radiant altar of Vehumet.
  5736 | D:5      | Reached skill level 2 in Conjurations
  5736 | D:5      | Reached skill level 2 in Earth Magic
  5844 | D:5      | Reached skill level 7 in Long Blades
  5883 | D:5      | Found a sparkling altar of Nemelex Xobeh.
  6045 | D:6      | Noticed a vampire
  6456 | D:6      | Reached skill level 3 in Conjurations
  6456 | D:6      | Reached skill level 3 in Earth Magic
  6456 | D:6      | Reached XP level 9. HP: 53/63 MP: 9/9
  6761 | D:6      | Found an opulent altar of Gozag.
  7001 | D:6      | Reached skill level 8 in Long Blades
  7034 | D:6      | Reached **** piety under Wu Jian
  7076 | D:6      | Found an ancient bone altar of Kikubaaqudgha.
  7392 | D:6      | HP: 15/63 [something (11)]
  7407 | D:6      | HP: 9/63 [something (10)]
  7411 | D:6      | Reached skill level 4 in Conjurations
  7411 | D:6      | Reached skill level 4 in Earth Magic
  7770 | D:7      | Found a sacrificial altar of Ru.
  7842 | D:7      | Reached skill level 9 in Long Blades
  8137 | D:7      | Found a transporter.
  8145 | D:7      | Found a hazy altar of Hepliaklqana.
  8354 | D:7      | HP: 9/63 [steam dragon/ball of steam (12)]
  9270 | D:7      | Noticed Prince Ribbit
  9296 | D:6      | HP: 12/63 [Prince Ribbit (12)]
  9298 | D:6      | Slain by Prince Ribbit

Illustrated notes

Levels and vault maps discovered:
D:1:      roderic_chinese_lattice_arrival, layout_loops_cross,
          dreamdust_ecumenical_altar_statues, corexii_leaking_fountain,
          minmay_close_crescents
D:2:      layout_basic, serial_shops, shop, basic_altar, glass_columns_a,
          hangedman_glass_garden, wad_orctagon
D:3:      layout_loops_cross, gup_sewer_entry_spiral, uniq_jessica
D:4:      layout_loops_corners, tso_oasis_becter, lemuel_round_altar,
          temple_pool_b
D:5:      layout_basic, vehumet_statue, nzn_wu_jian_contemplation,
          nemelex_spade_bored_becter, old_standard_altar
D:6:      layout_rooms, lemuel_mausoleum_altar_kikubaaqudgha,
          grunt_gozag_statues, wad_rectangle_vault
D:7:      layout_gridville, lemuel_doored_altar,
          nicolae_hepliaklqana_hazy_memory, gammafunk_ghost_wrathful_warriors,
          minmay_misc_feat_pillars, hangedman_minor_gate_pass, uniq_duvessa,
          uniq_prince_ribbit1

Skill      XL: |  1  2  3  4  5  6  7  8  9 |
---------------+----------------------------+-----
Long Blades    | 3 4 5 6 7 9 |  9.4
Shields        | 4 |  4.9
Armour         | 4 |  4.8
Conjurations   | 3 4 |  4.7
Earth Magic    | 3 4 |  4.7
Fighting       | |  3.0

Action                   |  1- 3 |  4- 6 |  7- 9 || total
-------------------------+-------+-------+-------++-------
Melee: Long sword        |   117 |   189 |   510 ||   816
Throw: Stone             |     3 |       |       ||     3
       Dart              |       |       |     7 ||     7
Invok: Lunge             |     7 |     4 |    12 ||    23
       Whirlwind         |     1 |     1 |     9 ||    11
  Use: Scroll            |     3 |     8 |    10 ||    21
       Potion            |       |     2 |     5 ||     7
 Stab: Invisible         |       |       |     1 ||     1
Armor: Scale mail        |    41 |       |    17 ||    58
       Plate armour      |    11 |    86 |   119 ||   216
       Robe              |       |       |     8 ||     8
Dodge: Dodged            |    42 |    28 |    79 ||   149
Block: Buckler           |    61 |    74 |   272 ||   407
       Reflection        |     1 |       |    10 ||    11

Table legend: (Time is in decaauts)
 A = Elapsed time spent in this place.
 B = Non-inter-level travel time spent in this place.
 C = Inter-level travel time spent in this place.
 D = Time resting spent in this place.
 E = Time spent auto-exploring this place.
 F = Levels seen in this place.
 G = Mean time per level.
                   A        B        C        D        E       F      G
               +--------+--------+--------+--------+--------+-----+--------+
         Total |   9476 |   9125 |    351 |   2439 |   4468 |   8 | 1184.5 |
       Dungeon |   8730 |   8379 |    351 |   2139 |   4254 |   7 | 1247.1 |
         Sewer |    746 |    746 |      0 |    300 |    214 |   1 |  746.0 |
               +--------+--------+--------+--------+--------+-----+--------+

Top non-repeatable levels by time:
     D:6: 1612 daAuts
     D:7: 1422 daAuts
     D:1: 1378 daAuts
     D:5: 1190 daAuts
     D:3: 1181 daAuts
     D:2: 1069 daAuts
     D:4: 874 daAuts
   Sewer: 746 daAuts

Table legend:
 A = Kills in this place as a percentage of kills in entire the game.
 B = Kills by you in this place as a percentage of kills by you in the entire game.
 C = Kills by friends in this place as a percentage of kills by friends in the entire game.
 D = Other kills in this place as a percentage of other kills in the entire game.
 E = Experience gained in this place as a percentage of experience gained in the entire game.
 F = Experience gained in this place divided by the number of levels of this place that you have seen.
                   A       B       C       D       E      F
               +-------+-------+-------+-------+-------+----------------------
         Total | 100.0 | 100.0 |   N/A |   N/A | 100.0 | 466.4
       Dungeon |  84.7 |  84.7 |   N/A |   N/A |  95.7 | 510.0
         Sewer |  15.3 |  15.3 |   N/A |   N/A |   4.3 | 161.0
               +-------+-------+-------+-------+-------+----------------------
